 Dungeon Crawl Stone Soup version 0.21.1-1-g345015fe64 (webtiles) character file.

217 RepoMan the Conjurer (level 5, 0/38 HPs)
             Began as a Draconian Conjurer on June 23, 2018.
             Succumbed to a worker ant's poison
             ... on level 4 of the Dungeon.
             The game lasted 00:18:09 (3373 turns).

RepoMan the Conjurer (Draconian Conjurer)           Turns: 3373, Time: 00:18:10

Health: 0/38       AC:  5    Str: 10    XL:     5   Next: 62%
Magic:  6/11       EV: 12    Int: 17    God:
Gold:   114        SH:  0    Dex: 11    Spells: 9/12 levels left

rFire    . . .     SeeInvis .   e - +2 dagger (venom)
rCold    . . .     Gourm    .   (no shield)
rNeg     . . .     Faith    .   (armour unavailable)
rPois    .         Spirit   .   (helmet restricted)
rElec    .         Reflect  .   (no cloak)
rCorr    .         Harm     .   (no gloves)
MR       .....                  (no boots)
Stlth    ++........             (no amulet)
HPRegen  0.12/turn              (no ring)
MPRegen  0.12/turn              (no ring)

@: lethally poisoned (0 -> -1), very slightly contaminated, invisible
A: unfitting armour, cold-blooded, AC +5
a: no special abilities


You were on level 4 of the Dungeon.
You were not hungry.

You visited 1 branch of the dungeon, and saw 4 of its levels.

You collected 114 gold pieces.

Inventory:

Hand Weapons
 e - a +2 dagger of venom (weapon)
Armour
 f - a +1 shield of reflection
Jewellery
 g - an uncursed amulet of regeneration {unknown}
Wands
 j - a wand of flame (34)
Scrolls
 c - a scroll of magic mapping {unknown}
 d - a scroll of teleportation
 h - 2 scrolls of remove curse
 i - a scroll of amnesia {unknown}
 k - a scroll of fear
 l - 3 scrolls of identify {unknown}
 n - a scroll of enchant armour
Books
 a - a book of Conjurations

   Spells                             Type                      Level
   a - Magic Dart                     Conjuration                  1
   b - Searing Ray                    Conjuration                  2
   c - Dazzling Spray                 Conjuration/Hexes            3
   d - Fulminant Prism                Conjuration/Hexes            4
   e - Force Lance                    Conjuration/Translocation    4
   f - Iskenderun's Mystic Blast      Conjuration                  4
Comestibles
 b - 8 rations


   Skills:
 - Level 1.7 Dodging
 - Level 1.7 Stealth
 + Level 4.0 Spellcasting
 * Level 5.7 Conjurations


You had 9 spell levels left.
You knew the following spells:

 Your Spells              Type           Power        Failure   Level  Hunger
a - Magic Dart            Conj           ###.         1%          1    None
b - Searing Ray           Conj           ###...       2%          2    ##.....


Dungeon Overview and Level Annotations

Branches:
Dungeon (4/15)
 Temple: D:4-7

Altars:
Uskayaw

Annotations:
D:2 Sigmund
D:3 kaisn's ghost, amateur DsFi


Innate Abilities, Weirdness & Mutations

Your plain brown scales are hard. (AC +5)
You cannot fit into any form of body armour.
You are cold-blooded and may be slowed by cold attacks.


Message History

It was a potion of lignification.
You turn into a tree.
Your roots penetrate the ground.
* * * LOW HITPOINT WARNING * * *
You feel sick.
It was a potion of invisibility.
You fade into invisibility!
You are very lightly contaminated with residual magic.
* * * LOW HITPOINT WARNING * * *
You feel sick.
* * * LOW HITPOINT WARNING * * *
You feel sick.
* * * LOW HITPOINT WARNING * * *
You feel sick.
Your transformation is almost over.
* * * LOW HITPOINT WARNING * * *
You feel sick.
* * * LOW HITPOINT WARNING * * *
You feel sick.
You feel less wooden.
You die...

#.......# +.......#
#####.......#+####
#................#...##
+................#.....
#................#....
#................#...########
#..........%@....+...#.......
.$†.....#####.....#...#.......
........# #.....#...#.......
........# #.....#...#.......
........# #.....#'###.......
........# #.................
###.....+ +..........#######
#.....# #..........#
#..........#


There were no monsters in sight!

Vanquished Creatures
  An orc wizard (D:2)
  An iguana (D:4)
  2 worker ants (D:4)
  Robin (D:2)
  4 adders
  A shadow imp (D:2)
  An ooze (D:2)
  A worm (D:2)
  A dart slug (D:1)
  4 orcs (D:2)
  2 ball pythons
  5 bats
  3 giant cockroaches (D:3)
  3 hobgoblins
  4 jackals (D:4)
  2 kobolds
  A quokka (D:4)
  4 frilled lizards
  8 goblins
  5 rats
54 creatures vanquished.

Notes
Turn   | Place    | Note
-------+----------+-------------------------------------------
     0 | D:1      | RepoMan the Draconian Conjurer began the quest for the Orb.
     0 | D:1      | Reached XP level 1. HP: 14/14 MP: 3/3
   411 | D:1      | Reached XP level 2. HP: 17/20 MP: 0/5
   919 | D:2      | Noticed Sigmund
   919 | D:2      | Noticed Robin
   932 | D:1      | Learned a level 2 spell: Searing Ray
  1433 | D:2      | Killed Robin
  1433 | D:2      | Reached XP level 3. HP: 26/26 MP: 1/7
  1698 | D:3      | Noticed kaisn's ghost (amateur DsFi)
  2336 | D:2      | Reached XP level 4. HP: 32/33 MP: 2/8
  2343 | D:2      | Found a faded altar of an unknown god.
  2522 | D:2      | Noticed a hand axe
  2522 | D:2      | Noticed a hand axe
  2527 | D:2      | Reached skill level 5 in Conjurations
  2769 | D:2      | Found a hide-covered altar of Uskayaw.
  2965 | D:4      | Reached XP level 5. HP: 38/38 MP: 1/10
  3353 | D:4      | HP: 2/57 [poisoned by a worker ant]
  3358 | D:4      | HP: 1/57 [poisoned by a worker ant]
  3365 | D:4      | HP: 1/57 [poisoned by a worker ant]
  3373 | D:4      | Succumbed to a worker ant's poison

Skill      XL: |  1  2  3  4  5 |
---------------+----------------+-----
Spellcasting   | 3 4 |  4.0
Conjurations   | 5 |  5.7
Dodging        | |  1.7
Stealth        | |  1.7

Action                   |  1- 3 |  4- 6 || total
-------------------------+-------+-------++-------
Melee: Dagger            |    16 |    26 ||    42
       Tailslap          |     1 |       ||     1
 Cast: Magic Dart        |    53 |    30 ||    83
       Searing Ray       |     6 |     5 ||    11
Evoke: Wand              |     3 |       ||     3
  Use: Potion            |     3 |     2 ||     5
       Scroll            |     5 |       ||     5
  Eat: Chunk             |     2 |     3 ||     5
       Ration            |     1 |       ||     1
Armor: Skin              |    48 |     3 ||    51
Dodge: Dodged            |    76 |    13 ||    89
